TOP OF THE 1ST |
Memphis Redbirds batting - Pitching for Nashville Sounds : RHP Jim Aungst
|
Pitching: RHP Jim Aungst
|
|
Batting: RHB Sergio Cantu
|
0-0: Ball 1-0: Called Strike 1-1: Foul Ball, location: 2F 1-2: Strikes out looking
|
Batting: LHB Danny Beaudoin
|
0-0: Called Strike 0-1: Foul Ball, location: 25FF 0-2: SINGLE (Groundball, 6MD, EV 105.0 MPH)
|
Batting: LHB Jorge Wright
|
0-0: Called Strike Danny Beaudoin is caught stealing 2nd base 2-6 0-1: Ball 1-1: Ball 2-1: Ball 3-1: Called Strike 3-2: DOUBLE (Line Drive, 78D, EV 105.0 MPH)
|
Batting: RHB Justin Collier
|
0-0: Called Strike 0-1: SINGLE (Line Drive, 8RS, EV 91.9 MPH) Jorge Wright to third Runner from 3rd tries for Home, SAFE, throw by CF to home
|
Batting: RHB Jeff Graham
|
0-0: SINGLE (Line Drive, 7S, EV 102.5 MPH) Justin Collier to second
|
Batting: RHB Mike Tomes
|
0-0: Ball 1-0: Called Strike 1-1: Ball 2-1: Swinging Strike 2-2: Ball 3-2: Foul Ball, location: 2F 3-2: Strikes out swinging
|
Top of the 1st over - 1 run, 4 hits, 0 errors, 2 left on base; Memphis 1 - Nashville 0 |
BOTTOM OF THE 1ST |
Nashville Sounds batting - Pitching for Memphis Redbirds : RHP Chris Burkhart
|
Pitching: RHP Chris Burkhart
|
|
Batting: LHB Ben Hock
|
0-0: Called Strike 0-1: Foul Ball, location: 2F 0-2: SINGLE (Line Drive, 6D, EV 98.8 MPH)
|
Batting: RHB Jeremy Parks
|
0-0: Called Strike 0-1: Ball 1-1: Foul Ball, location: 25FF 1-2: Foul Ball, location: 5FF 1-2: Ball 2-2: SINGLE (Groundball, 56D, EV 98.1 MPH) Ben Hock to second Runner from 2nd tries for 3rd, SAFE, throw by LF made to third Jeremy Parks to second
|
Batting: RHB Steve Eubanks
|
0-0: Ball 1-0: Ball 2-0: Foul Ball, location: 2F 2-1: Foul Ball, location: 2F 2-2: Foul Ball, location: 2F 2-2: Strikes out swinging
|
Batting: RHB Ishi Watts
|
0-0: Ball 1-0: Ball 2-0: Ball 3-0: Called Strike 3-1: Base on Balls
|
Batting: RHB Franklin Jaquez
|
0-0: Swinging Strike 0-1: Foul Ball, location: 2F 0-2: Strikes out looking
|
Batting: RHB Al Gwin
|
0-0: Ball 1-0: Foul Ball, location: 23FF 1-1: Ball 2-1: Fielders Choice at 2nd, 6-4 (Groundball, 6, EV 84.4 MPH)
|
Bottom of the 1st over - 0 runs, 2 hits, 0 errors, 3 left on base; Memphis 1 - Nashville 0 |
TOP OF THE 2ND |
Memphis Redbirds batting - Pitching for Nashville Sounds : RHP Jim Aungst
|
Batting: LHB Chris McCaulley
|
0-0: Ball 1-0: Ball 2-0: Ball 3-0: Base on Balls
|
Batting: RHB Chris Baxter
|
0-0: Fly out, F3 (Popup, 3F, EV 68.1 MPH)
|
Batting: RHB Randy Paddock
|
0-0: Fly out, F8 (Flyball, 8RM, EV 89.4 MPH)
|
Batting: RHB Sergio Cantu
|
0-0: Foul Ball, location: 2F 0-1: Foul Ball, location: 5F 0-2: 2-RUN HOME RUN (Flyball, 89XD, EV 104.4 MPH), Distance : 408 ft
|
Batting: LHB Danny Beaudoin
|
0-0: Ball 1-0: Fly out, F7 (Line Drive, 7S, EV 96.9 MPH)
|
Top of the 2nd over - 2 runs, 1 hit, 0 errors, 0 left on base; Memphis 3 - Nashville 0 |
BOTTOM OF THE 2ND |
Nashville Sounds batting - Pitching for Memphis Redbirds : RHP Chris Burkhart
|
Batting: RHB Nate Sadler
|
0-0: Hit by Pitch
|
Batting: RHB Kevin Heywood
|
0-0: Ball 1-0: Foul Ball, location: 3F 1-1: Foul Ball, location: 3F 1-2: Ball 2-2: SINGLE (Groundball, 6MD, EV 95.0 MPH) Nate Sadler to second Runner from 2nd tries for 3rd, SAFE, throw by CF made to third
|
Batting: LHB Marc Cuculich
|
0-0: Called Strike 0-1: Called Strike 0-2: DOUBLE (Line Drive, 78XD, EV 98.8 MPH) Nate Sadler scores Kevin Heywood to third
|
Batting: LHB Ben Hock
|
0-0: Called Strike 0-1: Foul Ball, location: 7LDF 0-2: Ball 1-2: Strikes out swinging
|
Batting: RHB Jeremy Parks
|
0-0: Called Strike 0-1: Called Strike 0-2: Ball 1-2: Ball 2-2: Strikes out swinging
|
Batting: RHB Steve Eubanks
|
0-0: Ball 1-0: Swinging Strike 1-1: Ball 2-1: Ground out 2-3 (Groundball, 2L, EV 64.4 MPH)
|
Bottom of the 2nd over - 1 run, 2 hits, 0 errors, 2 left on base; Memphis 3 - Nashville 1 |
TOP OF THE 3RD |
Memphis Redbirds batting - Pitching for Nashville Sounds : RHP Jim Aungst
|
Batting: LHB Jorge Wright
|
0-0: Called Strike 0-1: Ball 1-1: Swinging Strike 1-2: Ball 2-2: Fly out, F9 (Line Drive, 9, EV 110.0 MPH)
|
Batting: RHB Justin Collier
|
0-0: Ball 1-0: Foul Ball, location: 5FF 1-1: Called Strike 1-2: Ground out 5-3 (Groundball, 56S, EV 60.6 MPH)
|
Batting: RHB Jeff Graham
|
0-0: Called Strike 0-1: Ball 1-1: Foul Ball, location: 2F 1-2: Strikes out looking
|
Top of the 3rd over - 0 runs, 0 hits, 0 errors, 0 left on base; Memphis 3 - Nashville 1 |
BOTTOM OF THE 3RD |
Nashville Sounds batting - Pitching for Memphis Redbirds : RHP Chris Burkhart
|
Batting: RHB Ishi Watts
|
0-0: Called Strike 0-1: Called Strike 0-2: Ball 1-2: Foul Ball, location: 2F 1-2: Ground out 3-1 (Groundball, 34, EV 101.9 MPH)
|
Batting: RHB Franklin Jaquez
|
0-0: Ball 1-0: Called Strike 1-1: Swinging Strike 1-2: Foul Ball, location: 2F 1-2: Strikes out looking
|
Batting: RHB Al Gwin
|
0-0: Ball 1-0: Called Strike 1-1: Ground out 5-3 (Groundball, 56S, EV 80.0 MPH)
|
Bottom of the 3rd over - 0 runs, 0 hits, 0 errors, 0 left on base; Memphis 3 - Nashville 1 |
TOP OF THE 4TH |
Memphis Redbirds batting - Pitching for Nashville Sounds : RHP Jim Aungst
|
Batting: RHB Mike Tomes
|
0-0: Foul Ball, location: 9LSF 0-1: Ball 1-1: Called Strike 1-2: SINGLE (Line Drive, 7LS, EV 108.1 MPH)
|
Batting: LHB Chris McCaulley
|
0-0: Called Strike 0-1: Ball 1-1: Foul Ball, location: 25F 1-2: Ball 2-2: Foul Ball, location: 3DF 2-2: Fly out, F6 (Popup, 6M, EV 64.4 MPH)
|
Batting: RHB Chris Baxter
|
0-0: Ball 1-0: Ball 2-0: Ball 3-0: Called Strike 3-1: TRIPLE (Flyball, 78XD, EV 100.6 MPH) Mike Tomes scores
|
Batting: RHB Randy Paddock
|
0-0: Ball 1-0: Ground out 3-1 (Groundball, 34, EV 81.3 MPH) Chris Baxter scores
|
Batting: RHB Sergio Cantu
|
0-0: Foul Ball, location: 2F 0-1: Ball 1-1: Ball 2-1: Foul Ball, location: 5FF 2-2: Strikes out swinging
|
Top of the 4th over - 2 runs, 2 hits, 0 errors, 0 left on base; Memphis 5 - Nashville 1 |
BOTTOM OF THE 4TH |
Nashville Sounds batting - Pitching for Memphis Redbirds : RHP Chris Burkhart
|
Batting: RHB Nate Sadler
|
0-0: Ball 1-0: Ball 2-0: Called Strike 2-1: Ball 3-1: Base on Balls
|
Batting: RHB Kevin Heywood
|
0-0: Called Strike 0-1: Foul Ball, location: 3SF 0-2: Ball 1-2: Ball 2-2: Ball 3-2: Foul Ball, location: 2F 3-2: Strikes out looking Nate Sadler steals 2nd base Batter strikes out.
|
Batting: LHB Marc Cuculich
|
0-0: Ball 1-0: Ball 2-0: Ball 3-0: Called Strike 3-1: Called Strike 3-2: Foul Ball, location: 5DF 3-2: Base on Balls
|
Pitching: LHP Bobby Hughes
|
|
Batting: LHB Ben Hock
|
0-0: Ball 1-0: Foul Ball, location: 2F 1-1: Single, Error in OF, E8, batter to second base (Line Drive, 8RS, EV 91.9 MPH) Nate Sadler scores Marc Cuculich to third
|
Batting: RHB Jeremy Parks
|
0-0: Ball 1-0: Swinging Strike 1-1: Ball 2-1: Ground out 6-3 (Groundball, 6, EV 87.5 MPH) Marc Cuculich scores Ben Hock to third
|
Batting: RHB Steve Eubanks
|
0-0: Called Strike 0-1: Ball 1-1: Ball 2-1: Called Strike 2-2: Foul Ball, location: 5F 2-2: Ball 3-2: SINGLE (Groundball, 4MD, EV 95.0 MPH) Ben Hock scores
|
Batting: RHB Ishi Watts
|
0-0: Called Strike 0-1: Fly out, F9 (Flyball, 9LD, EV 100.6 MPH)
|
Bottom of the 4th over - 3 runs, 2 hits, 1 error, 1 left on base; Memphis 5 - Nashville 4 |
TOP OF THE 5TH |
Memphis Redbirds batting - Pitching for Nashville Sounds : RHP Jim Aungst
|
Pitching: RHP Edwin Esquivel
|
|
Batting: LHB Danny Beaudoin
|
0-0: Swinging Strike 0-1: Ball 1-1: Ball 2-1: Ball 3-1: Base on Balls
|
Batting: LHB Jorge Wright
|
0-0: Ball 1-0: Ball 2-0: Called Strike 2-1: Swinging Strike 2-2: Strikes out swinging
|
Batting: RHB Justin Collier
|
0-0: Ball 1-0: Ball 2-0: Ball 3-0: Base on Balls Danny Beaudoin to second
|
Batting: RHB Jeff Graham
|
0-0: Ball 1-0: Swinging Strike 1-1: Ball 2-1: Foul Ball, location: 2F 2-2: Fly out, F9 (Flyball, 9, EV 90.0 MPH)
|
Batting: RHB Mike Tomes
|
0-0: Ball 1-0: Ball 2-0: Foul Ball, location: 2F 2-1: Foul Ball, location: 5FF 2-2: Strikes out swinging
|
Top of the 5th over - 0 runs, 0 hits, 0 errors, 2 left on base; Memphis 5 - Nashville 4 |
BOTTOM OF THE 5TH |
Nashville Sounds batting - Pitching for Memphis Redbirds : LHP Bobby Hughes
|
Batting: RHB Franklin Jaquez
|
0-0: SINGLE (Groundball, 6MD, EV 103.1 MPH)
|
Batting: RHB Al Gwin
|
0-0: Called Strike 0-1: Ball 1-1: Ball 2-1: Swinging Strike 2-2: TRIPLE (Line Drive, 78XD, EV 103.8 MPH) Franklin Jaquez scores
|
Batting: RHB Nate Sadler
|
0-0: TRIPLE (Flyball, 89XD, EV 106.9 MPH) Al Gwin scores
|
Batting: RHB Kevin Heywood
|
0-0: SINGLE (Groundball, 34D, EV 102.5 MPH) Nate Sadler scores
|
Pitching: RHP Bobby Corban
|
|
Batting: LHB Marc Cuculich
|
0-0: Ball 1-0: Ball Kevin Heywood steals 2nd base 2-0: Ball 3-0: Called Strike 3-1: Swinging Strike 3-2: Foul Ball, location: 5F 3-2: Foul Ball, location: 2F 3-2: Strikes out looking
|
Batting: LHB Ben Hock
|
0-0: Called Strike 0-1: Ball 1-1: Called Strike 1-2: Ground out 4-3 (Groundball, 4, EV 84.4 MPH) Kevin Heywood to third
|
Batting: RHB Jeremy Parks
|
0-0: Ball 1-0: Called Strike 1-1: Ground out 3-1 (Groundball, 34, EV 107.5 MPH)
|
Bottom of the 5th over - 3 runs, 4 hits, 0 errors, 1 left on base; Memphis 5 - Nashville 7 |
TOP OF THE 6TH |
Memphis Redbirds batting - Pitching for Nashville Sounds : RHP Edwin Esquivel
|
Batting: LHB Chris McCaulley
|
0-0: Ball 1-0: Called Strike 1-1: Ball 2-1: SINGLE (Groundball, 4S, EV 66.9 MPH) (infield hit)
|
Batting: RHB Chris Baxter
|
0-0: Ball 1-0: Called Strike 1-1: Ground out 5-3 (Groundball, 56S, EV 73.1 MPH) Chris McCaulley to second
|
Batting: RHB Randy Paddock
|
0-0: Called Strike 0-1: Ball 1-1: Ground out 6-3 (Groundball, 6MD, EV 99.4 MPH) Chris McCaulley to third
|
Batting: RHB Sergio Cantu
|
0-0: DOUBLE (Flyball, 8RXD, EV 97.5 MPH) Chris McCaulley scores
|
Batting: LHB Danny Beaudoin
|
0-0: Swinging Strike 0-1: Ball 1-1: Swinging Strike 1-2: Strikes out looking
|
Top of the 6th over - 1 run, 2 hits, 0 errors, 1 left on base; Memphis 6 - Nashville 7 |
BOTTOM OF THE 6TH |
Nashville Sounds batting - Pitching for Memphis Redbirds : RHP Bobby Corban
|
Batting: RHB Steve Eubanks
|
0-0: Swinging Strike 0-1: Called Strike 0-2: Strikes out looking
|
Batting: RHB Ishi Watts
|
0-0: Ball 1-0: Ball 2-0: Foul Ball, location: 25FF 2-1: SINGLE (Line Drive, 78M, EV 100.0 MPH)
|
Batting: RHB Franklin Jaquez
|
0-0: Called Strike 0-1: Ball 1-1: Ball 2-1: Swinging Strike 2-2: DOUBLE (Line Drive, 9LM, EV 106.9 MPH) Ishi Watts to third
|
Batting: RHB Al Gwin
|
0-0: Ball 1-0: Ball 2-0: Ball 3-0: Called Strike 3-1: Foul Ball, location: 2F 3-2: Ground out 6-3 (Groundball, 56S, EV 81.3 MPH)
|
Batting: RHB Nate Sadler
|
0-0: Ground out 5-3 (Groundball, 56, EV 80.6 MPH)
|
Bottom of the 6th over - 0 runs, 2 hits, 0 errors, 2 left on base; Memphis 6 - Nashville 7 |
TOP OF THE 7TH |
Memphis Redbirds batting - Pitching for Nashville Sounds : RHP Edwin Esquivel
|
Batting: LHB Jorge Wright
|
0-0: Called Strike 0-1: Called Strike 0-2: Strikes out swinging
|
Batting: RHB Justin Collier
|
0-0: Ball 1-0: SINGLE (Line Drive, 4MD, EV 106.3 MPH)
|
Batting: RHB Jeff Graham
|
0-0: Ball 1-0: Ball 2-0: Foul Ball, location: 3FF 2-1: 2-RUN HOME RUN (Flyball, 89XD, EV 104.4 MPH), Distance : 417 ft
|
Pitching: RHP Mike Seifers
|
|
Batting: RHB Mike Tomes
|
0-0: Ball 1-0: Ball 2-0: Fly out, F7 (Flyball, 7, EV 96.9 MPH)
|
Batting: LHB Chris McCaulley
|
0-0: Ball 1-0: Called Strike 1-1: Foul Ball, location: 2F 1-2: Ground out 4-3 (Groundball, 4, EV 90.6 MPH)
|
Top of the 7th over - 2 runs, 2 hits, 0 errors, 0 left on base; Memphis 8 - Nashville 7 |
BOTTOM OF THE 7TH |
Nashville Sounds batting - Pitching for Memphis Redbirds : RHP Bobby Corban
|
Batting: RHB Kevin Heywood
|
0-0: Ball 1-0: Fly out, F7 (Line Drive, 7S, EV 88.8 MPH)
|
Pitching: LHP Pat Wertheim
|
|
Batting: LHB Marc Cuculich
|
0-0: Called Strike 0-1: Called Strike 0-2: Ball 1-2: Ball 2-2: Ball 3-2: SINGLE (Groundball, 34D, EV 97.5 MPH)
|
Batting: LHB Ben Hock
|
0-0: Foul Ball, location: 9LDF 0-1: Bunted foul 0-2: Ball 1-2: Fly out, F8 (Flyball, 8RD, EV 100.6 MPH)
|
Batting: RHB Jeremy Parks
|
0-0: Foul Ball, location: 5F 0-1: Called Strike 0-2: Ball 1-2: Fielders Choice at 2nd, 6-4 (Groundball, 6, EV 76.9 MPH)
|
Bottom of the 7th over - 0 runs, 1 hit, 0 errors, 1 left on base; Memphis 8 - Nashville 7 |
TOP OF THE 8TH |
Memphis Redbirds batting - Pitching for Nashville Sounds : RHP Mike Seifers
|
Batting: RHB Chris Baxter
|
0-0: Called Strike 0-1: SINGLE (Line Drive, 5D, EV 97.5 MPH)
|
Batting: RHB Randy Paddock
|
0-0: Sac Bunt to 25 - play at first, batter OUT! 5-3 Chris Baxter to second
|
Batting: RHB Sergio Cantu
|
0-0: SINGLE (Line Drive, 9S, EV 105.0 MPH) Chris Baxter to third
|
Batting: LHB Danny Beaudoin
|
0-0: Ball 1-0: Fly out, F7 (Flyball, 7S, EV 93.8 MPH)
|
Batting: LHB Jorge Wright
|
0-0: Foul Ball, location: 2LF 0-1: Swinging Strike 0-2: SINGLE (Line Drive, 9S, EV 106.9 MPH) Chris Baxter scores Sergio Cantu to second Runner from 2nd tries for 3rd, SAFE, throw by RF made to third
|
Batting: RHB Justin Collier
|
0-0: Called Strike 0-1: Called Strike 0-2: Ball 1-2: Fly out, F9 (Flyball, 89S, EV 91.9 MPH)
|
Top of the 8th over - 1 run, 3 hits, 0 errors, 2 left on base; Memphis 9 - Nashville 7 |
BOTTOM OF THE 8TH |
Nashville Sounds batting - Pitching for Memphis Redbirds : LHP Pat Wertheim
|
Batting: RHB Steve Eubanks
|
0-0: Ball 1-0: Fly out, F9 (Flyball, 89M, EV 86.9 MPH)
|
Batting: RHB Ishi Watts
|
0-0: Foul Ball, location: 9LSF 0-1: Called Strike 0-2: Ball 1-2: Strikes out swinging
|
Batting: RHB Franklin Jaquez
|
0-0: Called Strike 0-1: Ball 1-1: Foul Ball, location: 9LMF 1-2: Ball 2-2: Ground out 4-3 (Groundball, 4MD, EV 110.0 MPH)
|
Bottom of the 8th over - 0 runs, 0 hits, 0 errors, 0 left on base; Memphis 9 - Nashville 7 |
TOP OF THE 9TH |
Memphis Redbirds batting - Pitching for Nashville Sounds : RHP Mike Seifers
|
Batting: RHB Jeff Graham
|
0-0: Called Strike 0-1: Ball 1-1: Foul Ball, location: 3FF 1-2: SINGLE (Groundball, 4MD, EV 95.6 MPH)
|
Batting: RHB Mike Tomes
|
0-0: SINGLE (Line Drive, 5D, EV 100.6 MPH) Jeff Graham to second
|
Batting: LHB Chris McCaulley
|
0-0: Ball 1-0: SINGLE (Groundball, 34D, EV 102.5 MPH) Jeff Graham to third Mike Tomes to second
|
Batting: RHB Chris Baxter
|
0-0: SINGLE (Line Drive, 8LS, EV 90.6 MPH) Jeff Graham scores Mike Tomes to third Chris McCaulley to second Runner from 3rd tries for Home, throw by CF and OUT! 8-2
|
Batting: RHB Randy Paddock
|
0-0: Fly out, F4 (Line Drive, 4, EV 71.3 MPH)
|
Batting: RHB Sergio Cantu
|
0-0: Ball 1-0: Foul Ball, location: 2RF 1-1: Called Strike 1-2: Fielders Choice at 2nd, 6-4 (Groundball, 6, EV 91.3 MPH)
|
Top of the 9th over - 1 run, 4 hits, 0 errors, 2 left on base; Memphis 10 - Nashville 7 |
BOTTOM OF THE 9TH |
Nashville Sounds batting - Pitching for Memphis Redbirds : LHP Pat Wertheim
|
Pitching: RHP Jimmy Wagner
|
|
Batting: RHB Al Gwin
|
0-0: Called Strike 0-1: Hit by Pitch
|
Batting: RHB Nate Sadler
|
0-0: Grounds into double play, 4-6-3 (Groundball, 4, EV 98.1 MPH)
|
Pinch Hitting: LHB Andy Velasquez
|
0-0: SINGLE (Groundball, 6MD, EV 103.1 MPH)
|
Batting: LHB Marc Cuculich
|
0-0: Ball 1-0: Called Strike 1-1: Ground out 4-3 (Groundball, 4, EV 85.6 MPH)
|
Bottom of the 9th over - 0 runs, 1 hit, 0 errors, 1 left on base; Memphis 10 - Nashville 7 |
|